AoeStats
← Алгоритм выполне

Nomad

509906931Analyzed
2v2 RM · 5d ago on Sep 28, 2026· 50m 19s· 4 players
Game mode
Random Map
Map size
176×176
Population
200
Speed
Normal
Resources
Standard
Victory
Conquest
Starting age
Dark Age
Ending age
Imperial Age
RankedLock teamsTeams togetherTeam positionsShared explorationLock speedFull tech treeHidden civsTurbo modeCheats
Victory
Defeat
🇨🇳 Malians · China
1135
+16
1096
+18
🇫🇷 Mongols · France
1148
-17
🇲🇽 Hindustanis · Mexico
1130
-17
Dracarys2306
12:44 Feudal Age
16:38 Castle Age
15:38 Double-Bit Axe
15:37 Horse Collar
16:21 Fletching
18:41 Crossbowman
19:29 Heavy Plow
25:49 Thumb Ring
26:31 Wheelbarrow
25:42 Loom
28:49 Forging
30:07 Gold Mining
31:35 Ballistics
35:44 Imperial Age
33:49 Padded Archer Armor
34:45 Leather Archer Armor
37:27 Chemistry
41:32 Ring Archer Armor
45:46 Town Watch
46:53 Shatagni
49:22 Scale Barding Armor
Juan
4:16 Loom
12:22 Feudal Age
14:13 Forging
19:40 Bloodlines
25:35 Castle Age
25:41 Fletching
25:57 Scale Barding Armor
25:56 Light Cavalry
26:38 Husbandry
27:02 Bodkin Arrow
35:19 Iron Casting
37:50 Padded Archer Armor
38:02 Double-Bit Axe
38:53 Chain Barding Armor
40:00 Ballistics
40:26 Leather Archer Armor
41:44 Wheelbarrow
41:08 Gold Mining
44:44 Imperial Age
46:36 Hand Cart
48:56 Imperial Age
47:05 Stone Mining
47:28 Bow Saw
49:41 Elite Mangudai
Алгоритм выполне
4:55 Loom
15:55 Feudal Age
21:33 Castle Age
19:25 Gold Mining
19:55 Stone Mining
21:58 Double-Bit Axe
22:15 Pikeman
23:17 Town Watch
24:03 Bow Saw
26:40 Gold Shaft Mining
35:15 Imperial Age
34:33 Wheelbarrow
35:21 Forging
35:11 Scale Mail Armor
38:03 Horse Collar
39:45 Conscription
38:49 Shield Wall
39:51 Hand Cart
44:19 Elite Hearth Troop
46:32 Hoardings
47:05 Iron Casting
46:45 Chain Mail Armor
48:44 Clerical Recruitment
49:58 Plate Mail Armor
51:55 Two-Man Saw
IDIOT DONT PLAY
3:55 Loom
13:13 Feudal Age
15:48 Wheelbarrow
16:26 Fishing Lines
18:55 Castle Age
18:46 Double-Bit Axe
22:59 Horse Collar
29:02 Scale Mail Armor
29:12 Forging
29:19 Gold Mining
30:44 Chain Mail Armor
32:26 Iron Casting
32:36 Hand Cart
32:07 Town Watch
38:12 Imperial Age
36:40 Heavy Plow
37:25 Bow Saw
38:43 Scale Barding Armor
39:27 Plate Mail Armor
39:35 Elite Gbeto
43:28 Chain Barding Armor
43:37 Conscription
43:16 Light Cavalry
45:23 Plate Barding Armor
45:00 Bloodlines
45:50 Husbandry
46:03 Farimba
Connection lost

Rejoining the realm…

Still unreachable

The connection could not be restored.

Session expired

The server has moved on; the page needs a fresh start.